 Dungeon Crawl Stone Soup version 0.17.2-1-ge4368a0 (webtiles) character file.

3598 rlgrobin the Cruncher (level 10, 53/53 HPs)
             Began as a Vine Stalker Gladiator on Apr 20, 2017.
             Starved to death
             ... on level 5 of the Dungeon.
             The game lasted 00:10:26 (7415 turns).

rlgrobin the Cruncher (Vine Stalker Gladiator)      Turns: 7415, Time: 00:10:26

Health: 53/53      AC:  0    Str: 18    XL:     10   Next: 10%
Magic:  11/11      EV: 13    Int:  8    God:
Gold:   474        SH:  0    Dex: 18    Spells: 0 memorised, 9 levels left

rFire  . . .     SeeInvis .     (no weapon)
rCold  . . .     Clarity  .     (no armour)
rNeg   . . .     SustAt   .     (no shield)
rPois  .         Gourm    .     (no helmet)
rElec  .         Spirit   +     (no cloak)
rCorr  .         Warding  .     (no gloves)
rMut   .         Stasis   .     (no boots)
MR     +....                    (no amulet)
Stlth  ++........               p - ring of wizardry
                                (no ring)

@: fainting, somewhat resistant to hostile enchantments, unstealthy
A: fangs 3, regeneration 2, magic shield, antimagic bite, no device heal 3, rot
immunity
a: no special abilities


You were on level 5 of the Dungeon.
You were fainting.

You visited 1 branch of the dungeon, and saw 8 of its levels.

You collected 474 gold pieces.


Innate Abilities, Weirdness & Mutations

You have razor-sharp teeth.
You heal very quickly.
When hurt, damage is shared between your health and your magic reserves.
Your bite disrupts and absorbs the magic of your enemies.
Potions and wands cannot restore your health.
You are immune to rotting.


   Skills:
 + Level 6.8 Fighting
 - Level 11.3 Staves
 - Level 1.7 Throwing
 - Level 2.4 Dodging


You had 9 spell levels left.
You didn't know any spells.

Inventory:

Hand Weapons
 o - a +2 quarterstaff of chaos
Missiles
 d - 4 throwing nets {=f}
Armour
 b - a +0 leather armour
 f - a +0 cloak
 w - a cursed -1 plate armour
 x - a cursed +0 shield
 y - a +3 leather armour of fire resistance
Jewellery
 p - a ring of wizardry (right hand)
 A - an uncursed ring of protection from fire {unknown}
 D - an uncursed ring of poison resistance {unknown}
Scrolls
 g - 5 scrolls of magic mapping {unknown}
 i - 6 scrolls of remove curse {unknown}
 j - 2 scrolls of enchant weapon {unknown}
 k - 11 scrolls of identify {unknown}
 l - a scroll of immolation {unknown}
 m - a scroll of noise {unknown}
 n - 4 scrolls of teleportation {unknown}
 q - 3 scrolls of fog
 v - a scroll of random uselessness {unknown}
 F - a scroll of summoning {unknown}
Comestibles
 s - 5 meat rations
 t - 3 bread rations

Dungeon Overview and Level Annotations

Branches:
Dungeon (8/15)             Temple (0/1) D:7
   Lair: D:8-11

Altars:
Ashenzari
Cheibriados
Dithmenos
Elyvilon
Fedhas
Gozag
Makhleb
Qazlal
Sif Muna
Trog
Vehumet
Zin

▒▒▒▒▒▒▒ ▒▒▒▒▒▒▒▒▒▒▒▒▒▒▒▒▒▒
▒▒▒▒▒.....▒▒▒▒▒▒......▒▒.........
....▒.........▒▒.................
..............+.>................
....▒.........▒▒...(...........▒▒
..............▒▒.................
......▒.......▒▒.......▒+▒▒......
......▒.........f......▒.▒▒......
......▒.....▒.......▒▒.▒..'......
▒▒▒....▒▒...▒.......▒▒.▒▒▒▒......
.......▒▒...▒.▒▒▒...▒.....▒......
.......▒▒...........▒.....▒......
.......▒▒...........▒.....▒▒▒....
....!.....................▒ ▒....
....................▒.....▒ ▒...(
....................▒.....▒▒▒▒...


There were no monsters in sight!


Message History

You remove your ring of wizardry!
You drop an uncursed ring of wizardry!
a - a warped shield;
p - an uncursed ring of wizardry Put on which piece of jewellery? (? for menu, Esc to quit)
Put ring on which hand? (Esc to cancel) < - no ring (left); > - no ring (right)
p - a ring of wizardry (right hand) Put on which piece of jewellery? (? for menu, Esc to quit)
Put ring on which hand? (Esc to cancel) < - no ring (left); > or
p - a ring of wizardry (right)
You feel your magic capacity increase!
z - a ring of magical power (left hand) Put on which piece of jewellery? (? for menu, Esc to quit)
Okay, then!
Read which item? (? for menu, Esc to quit)
Okay, then!
Drop what? 24/52 slots (_ for help) (? for menu, Esc to quit)
You remove your ring of magical power!
You feel your magic capacity decrease!
You drop an uncursed ring of magical power!
Wear which item? (? for menu, Esc to quit)
You finish putting on the +0 shield of Yravenis {MR+ Regen+ Int+4}!
Drop what? 23/52 slots (_ for help) (? for menu, Esc to quit)
You finish taking off the +0 shield of Yravenis {MR+ Regen+ Int+4}!
You drop the +0 shield of Yravenis {MR+ Regen+ Int+4}!
You're too hungry to rest!
You are fainting from starvation!!!
You lose consciousness!!!
You can move again!
You have starved to death! rip

Action                   |  1- 3 |  4- 6 |  7- 9 | 10-12 || total
-------------------------+-------+-------+-------+-------++-------
Melee: Quarterstaff      |    83 |   194 |   354 |    22 ||   653
  Use: Scroll            |       |       |       |     6 ||     6
 Stab: Sleeping          |     1 |     1 |     1 |       ||     3
       Paralysed         |       |     1 |     6 |     2 ||     9
       Petrifying        |       |       |     3 |       ||     3
       Confused          |       |       |     2 |       ||     2
       Distracted        |       |       |     1 |       ||     1
  Eat: Bread ration      |       |     1 |     1 |       ||     2
       Meat ration       |       |     1 |     1 |       ||     2

Vault maps used:
D:1:      ldierk_walled_garden_2, minivault_26, st_stairs_2
D:2:      vehumet_crystals, lemuel_crystal_altar, corexii_corridor_pit,
          uniq_robin, uniq_crazy_yiuf_cottage, uniq_natasha
D:3:      grunt_qazlal_clouds, lemuel_crystal_altar,
          nicolae_dithmenos_through_a_glass_darkly, kennysheep_generic_room_9,
          uniq_terence
D:4:      lemuel_doored_altar, gammafunk_temple_overflow_wave,
          marbit_many_paths, uniq_menkaure
D:5:      first_bread, hangedman_abyss_or_decor_stabs
D:6:      overflow_temple_1_default, serial_bayou_pond_a, trog_ov_bears_minmay
D:7:      grunt_temple_overflow_gold_and_silver, temple_hall, st_stairs_12,
          uniq_joseph

Notes
Turn   | Place    | Note
--------------------------------------------------------------
     0 | D:1      | rlgrobin the Vine Stalker Gladiator began the quest for the Orb.
     0 | D:1      | Reached XP level 1. HP: 11/11 MP: 2/2
   142 | D:1      | Reached skill level 3 in Staves
   276 | D:1      | Reached XP level 2. HP: 15/15 MP: 3/3
   516 | D:1      | Reached XP level 3. HP: 13/18 MP: 2/4
   783 | D:2      | Noticed Natasha
   791 | D:2      | Killed Natasha
   791 | D:2      | Reached skill level 4 in Staves
   791 | D:2      | Reached XP level 4. HP: 3/23 MP: 2/5
   798 | D:2      | Found a snail-covered altar of Cheibriados.
   875 | D:2      | Noticed Natasha
   890 | D:2      | Killed Natasha
   920 | D:2      | Noticed Robin
   947 | D:2      | Killed Robin
  1033 | D:2      | Noticed Natasha
  1060 | D:2      | Killed Natasha
  1216 | D:2      | Found a radiant altar of Vehumet.
  1221 | D:2      | Reached skill level 5 in Staves
  1326 | D:2      | Reached XP level 5. HP: 24/26 MP: 4/6
  1537 | D:2      | Noticed Crazy Yiuf
  1598 | D:2      | Killed Crazy Yiuf
  2013 | D:3      | Found a blossoming altar of Fedhas.
  2365 | D:3      | Noticed Terence
  2372 | D:3      | Killed Terence
  2372 | D:3      | Gained mutation: You heal very quickly. [Vine Stalker growth]
  2372 | D:3      | Reached XP level 6. HP: 20/30 MP: 4/7
  2388 | D:3      | Reached skill level 6 in Staves
  2423 | D:3      | Found a shadowy altar of Dithmenos.
  2689 | D:3      | Found a stormy altar of Qazlal.
  2938 | D:4      | Noticed Menkaure
  2946 | D:4      | Killed Menkaure
  2972 | D:4      | Reached skill level 7 in Staves
  2972 | D:4      | Reached XP level 7. HP: 30/34 MP: 8/8
  3258 | D:4      | Found a shattered altar of Ashenzari.
  3356 | D:4      | Found a bloodstained altar of Trog.
  3555 | D:4      | Found a white marble altar of Elyvilon.
  3555 | D:4      | Found a deep blue altar of Sif Muna.
  3681 | D:4      | Reached skill level 8 in Staves
  3690 | D:5      | Entered Level 5 of the Dungeon
  3935 | D:5      | Gained mutation: You have razor-sharp teeth. [Vine Stalker growth]
  3935 | D:5      | Reached XP level 8. HP: 38/38 MP: 9/9
  4106 | D:5      | Reached skill level 9 in Staves
  4380 | D:6      | Found a bloodstained altar of Trog.
  4503 | D:6      | Reached skill level 10 in Staves
  4523 | D:6      | Reached XP level 9. HP: 19/42 MP: 10/10
  4907 | D:6      | Found a burning altar of Makhleb.
  5197 | D:7      | Noticed Joseph
  5206 | D:7      | Noticed Joseph
  5206 | D:7      | Joseph changed into Joseph the soldier ant
  5258 | D:7      | Reached skill level 11 in Staves
  5382 | D:7      | Reached skill level 2 in Fighting
  5476 | D:7      | Reached skill level 3 in Fighting
  5588 | D:7      | Found a staircase to the Ecumenical Temple.
  5843 | D:7      | Found a glowing silver altar of Zin.
  5843 | D:7      | Found an opulent altar of Gozag.
  6011 | D:8      | Reached skill level 4 in Fighting
  6189 | D:8      | Reached skill level 5 in Fighting
  6446 | D:8      | Reached skill level 6 in Fighting
  6448 | D:8      | Reached XP level 10. HP: 53/53 MP: 11/11
  7127 | D:5      | Identified a scroll of acquirement
  7142 | D:5      | Got a warped shield
  7152 | D:5      | Identified the +0 shield of Yravenis {MR+ Regen+ Int+4} (You acquired it on level 5 of the Dungeon)
  7415 | D:5      | Starved to death

Vanquished Creatures
  A hog (shapeshifter) (D:7)
  A hungry ghost (D:8)
  Menkaure (D:4)
  A hippogriff (D:7)
  3 black bears
  2 ogres
  2 sky beasts
  A phantom (D:4)
  A big kobold (D:8)
  2 centaurs
  A gnoll sergeant (D:6)
  4 giant frogs
  A wyvern zombie (D:8)
  A water moccasin skeleton (D:7)
  9 killer bees
  2 hounds
  5 crimson imps
  2 giant frog zombies
  3 iguanas
  2 jellies
  3 orc wizards
  Crazy Yiuf (D:2)
  3 orc priests (D:8)
  A gnoll shaman (D:8)
  6 worker ants
  A centaur skeleton (D:5)
  A giant frog skeleton (D:4)
  Terence (D:3)
  Natasha (thrice) (D:2)
  2 hound skeletons (D:7)
  Robin (D:2)
  A worker ant zombie (D:7)
  8 adders
  6 gnolls
  3 shadow imps (D:5)
  An adder zombie (D:7)
  2 worms
  2 adder skeletons
  4 giant geckos
  28 orcs
  3 ball pythons
  6 bats
  7 giant cockroaches
  8 hobgoblins
  19 jackals
  5 quokkas
  5 giant newts
  21 goblins
  A jackal zombie (D:5)
  9 kobolds
  A quokka zombie (D:7)
  11 rats
219 creatures vanquished.

Vanquished Creatures (others)
  4 toadstools (D:1)
4 creatures vanquished.

Grand Total: 223 creatures vanquished
